 Dungeon Crawl Stone Soup version 0.24.1-4-ge52af88ad5 (webtiles) character file.

Game seed: 16335835868752729576, levelgen mode: deterministic

198 Gruesph the Ruffian (level 5, -4/40 HPs)
             Began as a Draconian Transmuter on Apr 17, 2020.
             Slain by a gnoll
             ... wielding a +0 spear
              (12 damage)
             ... on level 3 of the Dungeon.
             The game lasted 00:16:53 (4705 turns).

Gruesph the Ruffian (Draconian Transmuter)          Turns: 4705, Time: 00:16:54

Health: -4/40      AC:  5    Str: 13    XL:     5   Next: 47%
Magic:  7/8        EV: 12    Int: 14    God:
Gold:   102        SH:  0    Dex: 11    Spells: 5/8 levels left

rFire    . . .     SeeInvis .     - Unarmed
rCold    . . .     Gourm    .   (no shield)
rNeg     . . .     Faith    .   (armour unavailable)
rPois    .         Spirit   .   (helmet restricted)
rElec    .         Reflect  .   (no cloak)
rCorr    .         Harm     .   (no gloves)
MR       .....                  (no boots)
Stlth    +.........             (no amulet)
HPRegen  0.13/turn              (no ring)
MPRegen  0.11/turn              (no ring)

@: no status effects
A: unfitting armour, cold-blooded, AC +5
a: no special abilities


You were on level 3 of the Dungeon.
You were not hungry.

You visited 1 branch of the dungeon, and saw 4 of its levels.
You also visited: Sewer.

You collected 102 gold pieces.

Inventory:

Missiles
 a - 5 arrows
 g - 52 stones (quivered)
 h - 12 poisoned darts
Jewellery
 q - an uncursed ring of magical power {unknown}
Scrolls
 b - 9 scrolls of identify {unknown}
 i - a scroll of amnesia {unknown}
 j - 2 scrolls of remove curse {unknown}
 k - a scroll of immolation {unknown}
 l - 2 scrolls of blinking {unknown}
 u - a scroll of enchant armour {unknown}
 v - 3 scrolls of magic mapping {unknown}
 w - 2 scrolls of teleportation {unknown}
Potions
 c - 3 potions of curing {unknown}
 d - a potion of lignification {unknown}
 e - 3 potions of agility {unknown}
 m - a potion of degeneration {unknown}
 n - 2 potions of flight {unknown}
 o - 3 potions of haste {unknown}
 p - a potion of cancellation {unknown}
 r - a potion of mutation {unknown}
 s - 3 potions of heal wounds {unknown}
 t - 2 potions of brilliance {unknown}
 x - 2 potions of might {unknown}
Comestibles
 f - 6 rations


   Skills:
 - Level 1.1 Fighting
 - Level 1.7 Dodging
 + Level 6.2 Unarmed Combat
 - Level 2.0 Spellcasting
 - Level 2.0 Transmutations


You had 5 spell levels left.
You knew the following spells:

 Your Spells              Type           Power        Failure   Level  Hunger
a - Beastly Appendage     Tmut           #.....       11%         1    ##.....
b - Sticks to Snakes      Tmut           #.......     16%         2    ###....

Your spell library contained the following spells:

 Spells                   Type           Power        Failure   Level  Hunger
 Spider Form              Tmut/Pois      #.........   43%         3    ####...
 Ice Form                 Ice/Tmut       #.......     83%         4    #####..
 Blade Hands              Tmut           #.........   96%         5    ######.


Dungeon Overview and Level Annotations

Branches:
Dungeon (4/15)              Sewer (visited)
 Temple: D:4-7

Altars:
Ashenzari
Elyvilon
Wu Jian


Innate Abilities, Weirdness & Mutations

Your plain brown scales are hard. (AC +5)
You cannot fit into any form of body armour.
You are cold-blooded and may be slowed by cold attacks.


Message History

The gnoll hits you with a +0 spear.
Things that are here:
a +0 whip; a bat corpse You hit the gnoll.
The gnoll is moderately wounded.
The gnoll hits you with a +0 spear. The gnoll barely misses you.
You hit the gnoll.
The gnoll is severely wounded.
The gnoll hits you with a +0 spear!
* * * LOW HITPOINT WARNING * * *
The gnoll barely misses you. The gnoll misses you.
Your talons disappear.
Your magical contamination has completely faded away.
The gnoll closely misses you.
There is a stone staircase leading down here.
The gnoll hits you from afar with a +0 spear.
* * * LOW HITPOINT WARNING * * *
The gnoll hits you from afar with a +0 spear!
You die...

.....##......._....#
...###.....#.....#.#
#..###.............#
.....'.....#.⌠.⌠.#.#
#..###.............#
#..).......#.....#.#
#..###.#.#.........#
#..###.#.#.##.g#.###
..............g.@#
##.#####+#+##.##)#
#.. #.##.# #..
#.##.# #.. #.##.###
#... #......#
######.# #.# #.#


You could see 2 gnolls.

Vanquished Creatures
  A gnoll (D:3)
  6 river rats (Sewer)
  3 adders
  3 worms
  4 leopard geckos
  6 orcs
  6 ball pythons (Sewer)
  4 bats
  5 giant cockroaches
  4 goblins
  3 hobgoblins
  3 frilled lizards
  19 kobolds
  24 rats
91 creatures vanquished.

Vanquished Creatures (collateral kills)
  A river rat (D:3)
  A kobold (Sewer)
  2 rats
4 creatures vanquished.

Vanquished Creatures (others)
  An adder (D:2)
1 creature vanquished.

Grand Total: 96 creatures vanquished

Notes
Turn   | Place    | Note
-------+----------+-------------------------------------------
     0 | D:1      | Gruesph the Draconian Transmuter began the quest for the
                  | Orb.
     0 | D:1      | Reached XP level 1. HP: 16/16 MP: 3/3
   347 | D:1      | Reached XP level 2. HP: 17/23 MP: 5/5
  1130 | D:1      | Learned a level 2 spell: Sticks to Snakes
  1559 | D:2      | Found a shattered altar of Ashenzari.
  1615 | D:2      | Reached skill level 4 in Unarmed Combat
  1867 | D:3      | Reached XP level 3. HP: 18/28 MP: 4/6
  2248 | D:3      | Found a faded altar of an unknown god.
  2344 | D:3      | Found a glowing drain.
  2470 | Sewer    | Entered a sewer
  2604 | Sewer    | Reached XP level 4. HP: 35/35 MP: 5/7
  2648 | Sewer    | Reached skill level 5 in Unarmed Combat
  3401 | Sewer    | Reached XP level 5. HP: 23/40 MP: 6/8
  3790 | Sewer    | Reached skill level 6 in Unarmed Combat
  4249 | D:3      | You fall into a shaft and drop 1 floor!
  4252 | D:4      | Found an ornate altar of the Wu Jian Council.
  4547 | D:3      | Found a white marble altar of Elyvilon.
  4705 | D:3      | Slain by a gnoll

Levels and vault maps discovered:
D:1:      scummos_arrival_simple_crosswalls, layout_basic
D:2:      layout_basic, old_standard_altar, lemuel_old_faithful
D:3:      layout_basic, elyvilon_altar_5, gup_sewer_entry_bubbles,
          chequers_ecumenical_altar_island
D:4:      layout_loops_ring, kennysheep_mini_moat,
          lemuel_zombie_altar_yredelemnul, uniq_eustachio

Skill      XL: |  1  2  3  4  5 |
---------------+----------------+-----
Unarmed Combat | 4 5 6 |  6.2
Fighting       | |  1.1
Dodging        | |  1.7
Spellcasting   | |  2.0
Transmutations | |  2.0

Action                   |  1- 3 |  4- 6 || total
-------------------------+-------+-------++-------
Melee: Unarmed           |   144 |   148 ||   292
       Tailslap          |     8 |    10 ||    18
       Kick              |     4 |    10 ||    14
       Headbutt          |     2 |     9 ||    11
       Punch             |       |     1 ||     1
Throw: Stone             |    26 |    38 ||    64
       Dart              |     1 |     6 ||     7
 Cast: Beastly Appendage |    14 |    30 ||    44
       Sticks to Snakes  |     1 |     6 ||     7
  Eat: Ration            |     1 |     1 ||     2
       Chunk             |     1 |     6 ||     7
Armor: Skin              |    26 |    36 ||    62
Dodge: Dodged            |    84 |    92 ||   176
